 Seeded DCSS version 0.26.1-16-g4e020e15dc (webtiles) character file.

Game seed: 18446744073709551615 (custom seed)

168 Mickster the Skirmisher (level 5, 0/48 HPs)
             Began as a Hill Orc Berserker on Feb 25, 2023.
             Was a Follower of Trog (penitent).
             Succumbed to an adder's poison
             ... on level 4 of the Dungeon.
             The game lasted 00:28:53 (2048 turns).

Mickster the Skirmisher (Hill Orc Berserker)        Turns: 2048, Time: 00:28:53

Health: 0/48       AC:  9    Str: 21    XL:     5   Next: 49%
Magic:  5/5        EV: 26    Int:  7    God:    Trog [*]
Gold:   166        SH:  0    Dex: 10    Spells: 3/4 levels left

rFire    . . .     SeeInvis .   r - +1 flail (protect)
rCold    . . .     Faith    .   (no shield)
rNeg     . . .     Spirit   .   d - +0 ring mail
rPois    .         Reflect  .   (no helmet)
rElec    .         Harm     .   (no cloak)
rCorr    .         Rampage  .   (no gloves)
Will     .....                  (no boots)
Stlth    ..........             e - amulet of the acrobat
HPRegen  0.16/turn              n - +4 ring of protection
MPRegen  0.09/turn              (no ring)

@: lethally poisoned (0 -> -4), acrobat
A: no striking features
a: Renounce Religion


You were on level 4 of the Dungeon.
You worshipped Trog.
Trog was demanding penance.
You visited 1 branch of the dungeon, and saw 4 of its levels.

You collected 166 gold pieces.

Inventory:

Hand Weapons
 a - a +0 hand axe
 b - a +0 hunting sling
 h - a +0 dagger of electrocution
 k - a +1 spear of venom
 r - a +1 flail of protection (weapon)
Missiles
 c - 3 atropa-tipped darts (quivered)
 f - 21 sling bullets
 i - 8 boomerangs
Armour
 d - a +0 ring mail (worn)
 s - a +0 chain mail
Jewellery
 e - an amulet of the acrobat (around neck)
 m - an uncursed amulet of reflection
 n - a +4 ring of protection (left hand)
Wands
 g - a wand of disintegration (12)
 q - a wand of polymorph (3)
Scrolls
 j - 2 scrolls of teleportation
 l - a scroll of amnesia


   Skills:
 + Level 5.0 Fighting
 - Level 1.0 Short Blades
 - Level 4.5(4.8) Axes
 * Level 1.7(3.0) Polearms
 + Level 0.4 Throwing
 + Level 3.1 Armour
 + Level 2.3 Dodging
 + Level 0.1 Stealth


You had 3 spell levels left.
You knew the following spells:

 Your Spells              Type           Power        Failure   Level
a - Beastly Appendage     Tmut           0%           58%         1

Your spell library contained the following spells:

 Spells                   Type           Power        Failure   Level
 Wereblood                Tmut           0%           75%         2
 Spider Form              Tmut/Pois      0%           92%         3
 Ice Form                 Ice/Tmut       0%           100%        4
 Blade Hands              Tmut           0%           100%        5


Dungeon Overview and Level Annotations

Branches:
Dungeon (4/15)
 Temple: D:4-7

Altars:


Message History

* * * LOW HITPOINT WARNING * * *
You feel sick. The orc hits you with a +0 flail.
* * * LOW HITPOINT WARNING * * *
You sock the orc!
You kill the orc!
Trog accepts your kill.
* * * LOW HITPOINT WARNING * * *
You feel sick.
There is a lethal amount of poison in your body!
There is a lethal amount of poison in your body!
Unknown command.
Unknown command.
Unknown command.
* * * LOW HITPOINT WARNING * * *
You feel sick.
* * * LOW HITPOINT WARNING * * *
You feel sick.
* * * LOW HITPOINT WARNING * * *
You feel sick.
You die...

######### ..#.....##
.........## ##
..........# #. ###.
..........#####.#.####...
..............#.#.##...##
........@.....#.#..#.###
........?..........#.####
.........).)....##...#...
.........)†....##......##
..#...>..†........##.....
# ###...####..#####..<#..
#..######..#####.####.
#.. #..........# #. ...#
#.....##...### #..


There were no monsters in sight!

Vanquished Creatures
  A centaur zombie (D:3)
  An orc priest (D:4)
  5 adders
  A worm (D:2)
  6 orcs (D:4)
  4 bats
  A giant cockroach (D:3)
  8 goblins
  7 hobgoblins
  4 jackals (D:4)
  6 kobolds
  2 quokkas (D:3)
  2 frilled lizards
  3 rats
51 creatures vanquished.

Notes
Turn   | Place    | Note
-------+----------+-------------------------------------------
     0 | D:1      | Mickster the Hill Orc Berserker began the quest for the
                  | Orb.
     0 | D:1      | Reached XP level 1. HP: 19/19 MP: 1/1
   160 | D:1      | Reached XP level 2. HP: 23/27 MP: 2/2
   244 | D:1      | Reached skill level 4 in Fighting
   779 | D:2      | Reached XP level 3. HP: 33/33 MP: 3/3
  1067 | D:3      | Reached XP level 4. HP: 29/41 MP: 4/4
  1338 | D:3      | Reached skill level 1 in Short Blades
  1429 | D:3      | Reached ** piety under Trog
  1661 | D:3      | Was placed under penance by Trog
  1663 | D:3      | Learned a level 1 spell: Beastly Appendage
  1723 | D:3      | Reached skill level 1 in Polearms
  1851 | D:4      | Reached XP level 5. HP: 45/47 MP: 5/5
  2012 | D:4      | Reached skill level 5 in Fighting
  2043 | D:4      | HP: 2/48 [poisoned by an adder]
  2048 | D:4      | Succumbed to an adder's poison

Illustrated notes

Levels and vault maps discovered:
D:1:      minmay_arrival_loop, layout_loops_ring, minmay_tree_intersection
D:2:      cheibrodos_greedy_goblins, layout_basic
D:3:      layout_loops_cross
D:4:      layout_rooms, zin_treasury, gammafunk_ghost_split

Skill      XL: |  1  2  3  4  5 |
---------------+----------------+-----
Fighting       | 4 5 |  5.0
Dodging        | 2 |  2.3
Short Blades   | 1 |  1.0
Polearms       | 1 |  1.7
Armour         | 3 |  3.1
Axes           | |  4.5
Throwing       | |  0.4
Stealth        | |  0.1

Action                   |  1- 3 |  4- 6 || total
-------------------------+-------+-------++-------
Melee: Hand axe          |    44 |       ||    44
       Dagger            |    51 |     9 ||    60
       Spear             |       |    46 ||    46
       Flail             |       |    31 ||    31
Throw: Dart              |     4 |     3 ||     7
  Use: Scroll            |     5 |     3 ||     8
       Potion            |     1 |     4 ||     5
Armor: Ring mail         |    34 |    73 ||   107
Dodge: Dodged            |    90 |   138 ||   228
